[Event "Titled Tuesday Blitz May 23 Late 2023"]
[White "Gubajdullin, Alexei"]
[Black "Szente Varga, Fruzsina"]
[WhiteFideId "4141202"]
[BlackFideId "712264"]
[WhiteElo "2279"]
[BlackElo "1994"]
[Result "1-0"]
[Round "03"]
[TimeControl "180+2"]
[Date "2023.05.23"]
[WhiteClock "0:00:15"]
[BlackClock "0:00:01"]

1. d4 Nf6 2. Nf3 g6 3. Bf4 Bg7 4. e3 d6 5. Be2 O-O 6. O-O c5 7. c3 Nc6 8. dxc5 dxc5 9. Qxd8 Rxd8 10. a4 Bf5 11. Na3 Nd5 12. Bg3 e5 13. Rfd1 e4 14. Ne1 Rd7 15. Nc4 Bxc3 16. Rxd5 Rxd5 17. bxc3 Rad8 18. a5 Be6 19. Kf1 f5 20. Rb1 R5d7 21. Ne5 Nxe5 22. Bxe5 Bd5 23. c4 Bc6 24. Bc3 Kf7 25. Nc2 Ke6 26. Ke1 g5 27. g3 Rb8 28. Na3 b6 29. a6 Rbd8 30. Nb5 Rf7 31. Rd1 Rxd1+ 32. Bxd1 Bxb5 33. cxb5 Kd5 34. Be2 c4 35. Bd4 f4 36. Kd2 fxg3 37. fxg3 Rc7 38. Kc3 Rc8 39. g4 Rc7 40. h3 Rc8 41. Kb4 c3 42. Bxc3 Rf8 43. Bc4+ Kd6 44. Bd4 Rf3 45. Bb3 Kc7 46. Bc2 Rxh3 47. Bxe4 Rg3 48. Be5+ Kc8 49. Bxh7 Rxg4+ 50. Kc3 Rg1 51. Bf5+ Kd8 52. Bb8 Rc1+ 53. Kd4 Rc5 54. Bd3 Kc8 55. Bg3 Rc1 56. e4 Rg1 57. Bf2 Rg2 58. Ke3 g4 59. Be1 Rg1 60. Bf2 Ra1 61. Kf4 Ra3 62. Bc4 Rc3 63. Be6+ Kc7 64. Bg3 Rc5 65. Kxg4+ Kd8 66. Bh4+ Ke8 67. Bd5 Kd7 68. Bc6+ Kc7 69. Bg3+ Kd8 70. e5 Rc4+ 71. Kf5 Ke7 72. Bf4 Rd4 73. Bg5+ Kf8 74. e6 1-0


[Site "https://www.chess.com"]

[Event "Titled Tuesday Blitz May 23 Late 2023"]
[White "Lacasa Diaz, Jose Antonio"]
[Black "Veiga, Jose Francisco R P Neves"]
[WhiteFideId "2203375"]
[BlackFideId "1930087"]
[WhiteElo "2338"]
[BlackElo "2320"]
[Result "0-1"]
[Round "03"]
[TimeControl "180+2"]
[Date "2023.05.23"]
[WhiteClock "0:00:00"]
[BlackClock "0:00:33"]

1. d4 Nf6 2. Bf4 e6 3. e3 c5 4. c3 b6 5. Nf3 Bb7 6. Nbd2 Be7 7. Bd3 Nh5 8. Bg3 Nc6 9. Nc4 d6 10. Qe2 O-O 11. Rd1 b5 12. Ncd2 Qb6 13. dxc5 dxc5 14. Bb1 Rfd8 15. O-O Nxg3 16. hxg3 g6 17. e4 Rd7 18. Nc4 Qd8 19. Rxd7 Qxd7 20. Rd1 Qc7 21. Na3 a6 22. Nc2 Rd8 23. Ne3 c4 24. Ng4 h5 25. Ne3 Bc5 26. Nc2 Kg7 27. Ncd4 Qb6 28. Nxc6 Bxc6 29. Bc2 Rxd1+ 30. Bxd1 Qc7 31. Kf1 a5 32. a3 Qd8 33. Bc2 g5 34. Qd2 Qxd2 35. Nxd2 Kf6 36. f4 g4 37. e5+ Ke7 38. a4 Be3 39. axb5 Bxb5 40. Ne4 Bc1 41. Ke2 Bxb2 42. Kd2 a4 43. Bb1 Bc6 44. Nf6 Bxg2 45. Nxh5 Ba3 46. Ba2 Bc5 47. Nf6 Bf2 48. Nxg4 Bxg3 49. Ke3 Bd5 50. Nf6 a3 51. Nxd5+ exd5 52. Kf3 Be1 53. f5 Bxc3 54. Kf4 Bxe5+ 55. Kxe5 c3 0-1


[Site "https://www.chess.com"]

[Event "Titled Tuesday Blitz May 23 Late 2023"]
[White "Ollier, Pablo"]
[Black "Einarsson, Halldor Gretar"]
[WhiteFideId "652318"]
[BlackFideId "2300150"]
[WhiteElo "2572"]
[BlackElo "2110"]
[Result "1-0"]
[Round "03"]
[TimeControl "180+2"]
[Date "2023.05.23"]
[WhiteClock "0:02:15"]
[BlackClock "0:02:00"]

1. d4 Nf6 2. c4 g6 3. Nc3 d5 4. cxd5 Nxd5 5. e4 Nxc3 6. bxc3 Bg7 7. Qa4+ Bd7 8. Qa3 b6 9. Bg5 c5 10. dxc5 h6 11. Bh4 bxc5 12. Qxc5 Nc6 13. Ba6 Qb6 14. Qa3 Qb4 15. cxb4 1-0


[Site "https://www.chess.com"]

[Event "Titled Tuesday Blitz May 23 Late 2023"]
[White "Adewumi, Tanitoluwa"]
[Black "Doluhanova, Evgeniya"]
[WhiteFideId "30966396"]
[BlackFideId "14112035"]
[WhiteElo "2568"]
[BlackElo "2159"]
[Result "1-0"]
[Round "03"]
[TimeControl "180+2"]
[Date "2023.05.23"]
[WhiteClock "0:00:07"]
[BlackClock "0:00:08"]

1. e4 e5 2. Nf3 Nc6 3. Bc4 Bc5 4. O-O Nf6 5. d3 O-O 6. Re1 a5 7. h3 d6 8. c3 h6 9. Bb5 Ne7 10. d4 exd4 11. cxd4 Bb6 12. Nc3 c6 13. Bd3 Bc7 14. Qe2 Ng6 15. e5 dxe5 16. dxe5 Nxe5 17. Nxe5 Bxe5 18. Qxe5 Qxd3 19. Bxh6 Qg6 20. Bg5 Nh7 21. Be7 Bxh3 22. Qg3 Qxg3 23. fxg3 Be6 24. Bxf8 Nxf8 25. Rad1 Ng6 26. a3 Kf8 27. Na4 b5 28. Nc5 Bd5 29. Nd7+ Kg8 30. Nb6 Rd8 31. Nxd5 cxd5 32. Rd4 f6 33. Re6 Ne5 34. Rb6 Rc8 35. Rxb5 Rc1+ 36. Kh2 f5 37. Rbxd5 Ng4+ 38. Rxg4 fxg4 39. Rxa5 Rb1 40. Rb5 Kf7 41. b4 Ke6 42. a4 Kd6 43. a5 Kc6 44. Rb6+ Kc7 45. b5 Ra1 46. Rc6+ Kd7 47. a6 Ra5 48. Rb6 Kc8 49. Rb7 g5 50. Rh7 Rxb5 51. Rh8+ Kc7 52. a7 1-0


[Site "https://www.chess.com"]

[Event "Titled Tuesday Blitz May 23 Late 2023"]
[White "Weinstein, Joshua Ross"]
[Black "ArtemDyachuk"]
[WhiteFideId "30927714"]
[WhiteElo "2330"]
[BlackElo "2567"]
[Result "0-1"]
[Round "03"]
[TimeControl "180+2"]
[Date "2023.05.23"]
[WhiteClock "0:00:17"]
[BlackClock "0:00:17"]

1. e4 c6 2. Nc3 d5 3. d4 dxe4 4. f3 Nf6 5. Nxe4 Bf5 6. Ng3 Bg6 7. h4 h6 8. N1e2 e6 9. Bf4 Bd6 10. Qd2 Nd5 11. Bxd6 Qxd6 12. c3 Nd7 13. Ne4 Qe7 14. Nf4 Bxe4 15. fxe4 e5 16. Nxd5 cxd5 17. O-O-O dxe4 18. dxe5 O-O-O 19. Qd4 Nxe5 20. Qxa7 Rxd1+ 21. Kxd1 Rd8+ 22. Kc2 Qd6 23. Qa8+ Kc7 24. Qa5+ Kb8 25. Be2 Qd2+ 26. Kb3 Nc6 27. Qb5 Qe3 28. a4 Rd2 29. Bc4 Nd4+ 0-1


[Site "https://www.chess.com"]

[Event "Titled Tuesday Blitz May 23 Late 2023"]
[White "Keleberda, Tymur"]
[Black "Fajdetic, Hrvoje"]
[WhiteFideId "14174294"]
[BlackFideId "14501945"]
[WhiteElo "2198"]
[BlackElo "2185"]
[Result "0-1"]
[Round "03"]
[TimeControl "180+2"]
[Date "2023.05.23"]
[WhiteClock "0:00:33"]
[BlackClock "0:00:09"]

1. e4 e6 2. d4 d5 3. Nc3 dxe4 4. Nxe4 Nd7 5. Nf3 Ngf6 6. Bd3 Nxe4 7. Bxe4 Nf6 8. Bd3 c5 9. c3 cxd4 10. Nxd4 Bc5 11. Nf3 Qc7 12. O-O O-O 13. Bg5 Nd5 14. Qc2 h6 15. Bh4 Nf4 16. Bg3 Bd6 17. Nd4 a6 18. Be4 f5 19. Bf3 e5 20. Qb3+ Kh8 21. Bxf4 exd4 22. Bxd6 Qxd6 23. Rad1 Be6 24. Qc2 Rac8 25. Bxb7 Rc7 26. Rxd4 Qxd4 27. cxd4 Rxc2 28. d5 Rxb2 29. dxe6 Rxb7 30. g3 Re7 31. Re1 f4 32. Kg2 f3+ 33. Kh3 Rf6 34. Rb1 Rexe6 35. a4 Re2 36. Kg4 Rxf2 37. h4 Ra2 38. Kh5 Rxa4 39. g4 Kh7 40. Rb7 Rff4 41. Ra7 f2 42. Re7 f1=Q 43. Re6 g6+ 44. Rxg6 Rf5+ 45. Rg5 Rxg5+ 46. hxg5 Qh3# 0-1


[Site "https://www.chess.com"]

[Event "Titled Tuesday Blitz May 23 Late 2023"]
[White "Cooklev, Steven"]
[Black "Mortazavi, Ali"]
[WhiteFideId "2050552"]
[BlackFideId "401323"]
[WhiteElo "2318"]
[BlackElo "2339"]
[Result "0-1"]
[Round "03"]
[TimeControl "180+2"]
[Date "2023.05.23"]
[WhiteClock "0:00:00"]
[BlackClock "0:00:36"]

1. e4 c6 2. Nc3 d5 3. Nf3 dxe4 4. Nxe4 Nf6 5. Nxf6+ exf6 6. Bc4 Bd6 7. Qe2+ Be7 8. O-O O-O 9. Re1 Bd6 10. d4 Na6 11. Bxa6 bxa6 12. Qd3 Rb8 13. b3 Bc7 14. Ba3 Re8 15. Rxe8+ Qxe8 16. Re1 Qd8 17. Be7 Qd7 18. Bc5 Bb6 19. Re7 Qd8 20. Qe4 Be6 21. Qxc6 Bxc5 22. Qxc5 Rc8 23. Qxa7 Rxc2 24. Kf1 g6 25. Rb7 Kg7 26. Qxa6 Bc8 27. Qa8 Qe8 0-1


[Site "https://www.chess.com"]

[Event "Titled Tuesday Blitz May 23 Late 2023"]
[White "Ibadov, Dashgyn"]
[Black "Kostiukov, Alexandr"]
[WhiteFideId "24107514"]
[BlackFideId "14108100"]
[WhiteElo "2208"]
[BlackElo "2202"]
[Result "1-0"]
[Round "03"]
[TimeControl "180+2"]
[Date "2023.05.23"]
[WhiteClock "0:00:06"]
[BlackClock "0:00:00"]

1. e4 c5 2. Nf3 g6 3. c3 Bg7 4. d4 cxd4 5. cxd4 d5 6. e5 Nc6 7. Bb5 Bg4 8. Bxc6+ bxc6 9. h3 Bxf3 10. Qxf3 Nh6 11. O-O Nf5 12. Be3 Qb6 13. Nc3 Qxb2 14. Na4 Qa3 15. Nc5 O-O 16. Rab1 Rab8 17. Rxb8 Rxb8 18. e6 f6 19. Qf4 Nd6 20. Rc1 Qxa2 21. Nd7 Rb1 22. Kh2 Rxc1 23. Bxc1 Qc2 24. Ba3 g5 25. Qg3 Qf5 26. Bxd6 Qxe6 27. Bxe7 Qxd7 28. Qb8+ Kf7 29. Bc5 a5 30. Qa8 Qc7+ 31. Kg1 h5 32. Qa6 Bf8 33. Bb6 Qd6 34. Qxa5 Qb4 35. Qa7+ Kg6 36. Qb8 Bd6 37. Qg8+ Kf5 38. Qh7+ Ke6 39. Qg8+ Kd7 40. Qd8+ Ke6 41. Qe8+ Be7 42. Bc5 Qe1+ 43. Kh2 Kf5 44. Qxe7 Qxe7 45. Bxe7 h4 46. Bc5 Ke4 47. g3 f5 48. gxh4 gxh4 49. Kg2 f4 50. f3+ Ke3 51. Bb6 Ke2 52. Bc7 Ke3 53. Be5 1-0


[Site "https://www.chess.com"]

[Event "Titled Tuesday Blitz May 23 Late 2023"]
[White "Georg, Heinz"]
[Black "Chylewski, Patryk"]
[WhiteFideId "4607295"]
[BlackFideId "1186191"]
[WhiteElo "2306"]
[BlackElo "2163"]
[Result "0-1"]
[Round "03"]
[TimeControl "180+2"]
[Date "2023.05.23"]
[WhiteClock "0:00:00"]
[BlackClock "0:00:11"]

1. c4 e6 2. Nc3 Nf6 3. e4 d5 4. e5 Ne4 5. d4 Nxc3 6. bxc3 c5 7. Nf3 Nc6 8. cxd5 exd5 9. Be2 Be7 10. O-O O-O 11. h3 Bf5 12. c4 cxd4 13. Nxd4 Nxd4 14. Qxd4 dxc4 15. Qxc4 Rc8 16. Qa4 Bc5 17. Rd1 Qb6 18. Qh4 Rfe8 19. Bf4 Bd4 20. Rac1 Rxc1 21. Rxc1 Bxe5 22. Bxe5 Rxe5 23. Bc4 Rc5 24. Rd1 Rc8 25. Qe7 Bg6 26. Rd7 Rf8 0-1


[Site "https://www.chess.com"]

[Event "Titled Tuesday Blitz May 23 Late 2023"]
[White "Romero Ruscalleda, Josep"]
[Black "FoxOnTheRun97"]
[WhiteFideId "2231859"]
[WhiteElo "2183"]
[BlackElo "2557"]
[Result "0-1"]
[Round "03"]
[TimeControl "180+2"]
[Date "2023.05.23"]
[WhiteClock "0:00:00"]
[BlackClock "0:00:02"]

1. e4 c6 2. Nc3 d5 3. Nf3 dxe4 4. Nxe4 Nf6 5. Qe2 Nxe4 6. Qxe4 Qa5 7. Bc4 Bf5 8. Qf4 e6 9. Nd4 Nd7 10. Nxf5 Qxf5 11. Qxf5 exf5 12. O-O Bd6 13. Re1+ Kf8 14. d4 Re8 15. Bd2 Nf6 16. f3 h6 17. a3 g6 18. Rxe8+ Nxe8 19. Re1 Be7 20. d5 cxd5 21. Bxd5 b6 22. Bc3 Nf6 23. Bc4 Bc5+ 24. Kf1 Kg7 25. Re5 Rd8 26. Ke2 Bd4 27. Bxd4 Rxd4 28. Bb3 Rd7 29. c4 Nh5 30. g3 Kf6 31. Re8 Ng7 32. Rh8 Ne6 33. Ke3 Rc7 34. Rxh6 Nc5 35. Ba2 Re7+ 36. Kd2 Rd7+ 37. Kc2 Re7 38. Kd2 Kg7 39. Rh4 Rd7+ 40. Kc2 g5 41. Rh5 f6 42. b4 Ne6 43. c5 Nd4+ 44. Kc1 bxc5 45. bxc5 Rd8 46. f4 g4 47. c6 Kg6 48. Rh4 Rc8 49. Bd5 Nf3 50. Bxf3 gxf3 51. Kd2 Re8 52. c7 f2 53. c8=Q f1=N+ 54. Kd3 Rxc8 55. g4 fxg4 56. Rxg4+ Kf5 57. Rg1 Rd8+ 58. Ke2 Nd2 59. Rd1 Kxf4 60. h4 Re8+ 61. Kxd2 Rh8 62. Ke1 Kg3 63. Rd6 f5 64. Rg6+ Kf3 0-1


[Site "https://www.chess.com"]

[Event "Titled Tuesday Blitz May 23 Late 2023"]
[White "KVAIDAN"]
[Black "Erzhanov, Arman"]
[BlackFideId "4138821"]
[WhiteElo "2295"]
[BlackElo "2138"]
[Result "0-1"]
[Round "03"]
[TimeControl "180+2"]
[Date "2023.05.23"]
[WhiteClock "0:01:56"]
[BlackClock "0:01:43"]

1. f4 g6 2. Nf3 Bg7 3. e4 c5 4. Bc4 Nc6 5. d3 e6 6. O-O Nge7 7. Nc3 O-O 8. Qe1 d5 9. Bb3 Nd4 10. Qh4 Nxf3+ 11. Rxf3 dxe4 12. dxe4 Nc6 13. Qe1 Nd4 14. Rd3 Qb6 15. Bc4 Qb4 16. Bb3 c4 17. a3 Qc5 18. Be3 cxd3 19. cxd3 Qe7 20. Bd1 b6 21. Qf2 Rd8 22. e5 Nf5 23. Bf3 Bb7 24. Ne4 Nxe3 25. Qxe3 Bxe4 26. Bxe4 Rac8 27. Rf1 Qc5 28. d4 Qxd4 0-1


[Site "https://www.chess.com"]

[Event "Titled Tuesday Blitz May 23 Late 2023"]
[White "Lalanne, Pablo"]
[Black "Martinez Reyes, Pedro Ramon"]
[WhiteFideId "112151"]
[BlackFideId "3901807"]
[WhiteElo "2120"]
[BlackElo "2340"]
[Result "1/2-1/2"]
[Round "03"]
[TimeControl "180+2"]
[Date "2023.05.23"]
[WhiteClock "0:00:13"]
[BlackClock "0:00:09"]

1. e4 c5 2. Nf3 Nc6 3. d4 cxd4 4. Nxd4 Nf6 5. Nc3 d6 6. Bc4 g6 7. Nxc6 bxc6 8. e5 Nd7 9. e6 fxe6 10. Bxe6 Nf6 11. Bb3 Bg7 12. O-O d5 13. Re1 O-O 14. h3 e6 15. Bg5 Bd7 16. Qd2 Qc7 17. Bf4 Qa5 18. Be5 Rae8 19. Rad1 Qd8 20. Qd4 Qb6 21. Na4 Qxd4 22. Bxd4 Bc8 23. Bxa7 Ne4 24. c4 Ba6 25. cxd5 exd5 26. Nc5 Nxc5 27. Bxc5 Rxe1+ 28. Rxe1 Rc8 29. Re6 Kf7 30. Rd6 Bf8 31. Rd7+ Ke6 32. Ra7 Bxc5 33. Rxa6 Kd6 34. Bc2 Rf8 35. b4 Bxf2+ 36. Kh2 h5 37. Ba4 h4 38. Rxc6+ Ke5 39. Rxg6 Rf4 40. a3 Rd4 41. Rg5+ Kf6 42. Rg4 Rd3 43. Rf4+ Ke5 44. Rxf2 Rxa3 45. Bc6 Rc3 46. Bd7 d4 47. Bg4 d3 48. g3 Rc2 49. Kg2 hxg3 50. Kxg3 Kd4 51. Rf4+ Ke3 52. b5 Rb2 53. Bd7 d2 54. Bg4 Rxb5 55. Rf6 Rb4 56. Re6+ Kd3 57. Rd6+ Ke3 58. h4 Rb1 59. h5 Rg1+ 60. Kh4 Rh1+ 61. Kg5 Rh2 62. h6 Rh1 63. Kg6 Rg1 64. Kh5 Rh1+ 65. Kg5 Rh2 66. Bh5 Rg2+ 67. Kf5 Rf2+ 68. Kg6 Rg2+ 69. Kf7 Rh2 70. Kg7 Rxh5 71. h7 Rg5+ 72. Kh8 Rg1 73. Rxd2 Kxd2 1/2-1/2


[Site "https://www.chess.com"]

[Event "Titled Tuesday Blitz May 23 Late 2023"]
[White "Magallanes, Rey Jomar"]
[Black "gueraumasague"]
[WhiteFideId "5205948"]
[WhiteElo "2292"]
[BlackElo "2553"]
[Result "0-1"]
[Round "03"]
[TimeControl "180+2"]
[Date "2023.05.23"]
[WhiteClock "0:02:14"]
[BlackClock "0:01:50"]

1. e4 g6 2. Nf3 Bg7 3. d4 c6 4. Nc3 d5 5. e5 Bg4 6. Be2 e6 7. h3 Bxf3 8. Bxf3 Nd7 9. Be3 Ne7 10. g4 c5 11. Nb5 Qa5+ 12. Nc3 cxd4 13. Bxd4 Nc6 14. Be3 Ndxe5 15. Bd2 Nd4 16. Bg2 Nc4 17. O-O Nxd2 18. Qxd2 O-O 19. f4 Nb5 20. Rad1 Nxc3 21. f5 Qb6+ 22. Kh1 Nxd1 23. Re1 Nf2+ 24. Qxf2 Qxf2 25. Rf1 Qxc2 26. Rf2 Qxf2 27. Kh2 Be5+ 28. Kh1 Bd4 29. Kh2 Rac8 30. Kh1 Qg1# 0-1


[Site "https://www.chess.com"]

[Event "Titled Tuesday Blitz May 23 Late 2023"]
[White "Potapova, Margarita"]
[Black "rikchessmx"]
[WhiteFideId "14126869"]
[WhiteElo "2244"]
[BlackElo "2293"]
[Result "1-0"]
[Round "03"]
[TimeControl "180+2"]
[Date "2023.05.23"]
[WhiteClock "0:00:11"]
[BlackClock "0:00:09"]

1. e4 e5 2. Nf3 Nc6 3. Bc4 Bc5 4. c3 Qf6 5. O-O d6 6. d4 exd4 7. b4 Bb6 8. Qb3 Nge7 9. Bg5 Qg6 10. a4 a6 11. a5 Ba7 12. Nbd2 dxc3 13. Qxc3 O-O 14. Bh4 Re8 15. Bg3 Kh8 16. Nh4 Qh5 17. Rfe1 Ne5 18. Be2 Qh6 19. Nb3 N7c6 20. Rad1 Be6 21. Kh1 Bxb3 22. Qxb3 Nd4 23. Qd5 c6 24. Qa2 Nxe2 25. Qxe2 Qe6 26. Nf5 g6 27. Nxd6 Re7 28. Qb2 f6 29. h3 Kg7 30. f4 Nc4 31. Nxc4 Qxc4 32. Bh4 Rf8 33. e5 fxe5 34. Bxe7 Bd4 35. Bxf8+ Kxf8 36. Qe2 Qxb4 37. fxe5 Ke7 38. e6 Bc3 39. Rd7+ Ke8 40. Qf3 1-0


[Site "https://www.chess.com"]

[Event "Titled Tuesday Blitz May 23 Late 2023"]
[White "Spata, German"]
[Black "Bach, Matthias"]
[WhiteFideId "113026"]
[BlackFideId "4603168"]
[WhiteElo "2260"]
[BlackElo "2130"]
[Result "1/2-1/2"]
[Round "03"]
[TimeControl "180+2"]
[Date "2023.05.23"]
[WhiteClock "0:00:05"]
[BlackClock "0:00:10"]

1. Nf3 Nf6 2. g3 c5 3. Bg2 d5 4. Kf1 e6 5. d3 Nc6 6. Nbd2 Be7 7. Kg1 O-O 8. h3 h5 9. Kh2 e5 10. e4 Nd4 11. c3 Nxf3+ 12. Bxf3 dxe4 13. dxe4 h4 14. Nc4 hxg3+ 15. fxg3 Qc7 16. Kg2 Be6 17. Qe2 Rad8 18. Bg5 Nh7 19. Be3 f5 20. exf5 Rxf5 21. Be4 Bd5 22. Bxd5+ Rxd5 23. Rad1 e4 24. Rxd5 Rxd5 25. Rd1 Qd7 26. Rd2 b5 27. Na5 Rd3 28. Nb3 Qd5 29. Rxd3 exd3+ 30. Qf3 Qxf3+ 31. Kxf3 c4 32. Nd2 a6 33. b3 cxb3 34. axb3 a5 35. Ke4 a4 36. bxa4 bxa4 37. Kxd3 a3 38. Kc2 Nf6 39. Kb3 Nd5 40. Bd4 Bd6 41. Ne4 Be7 42. c4 Nc7 43. Bc5 Bxc5 44. Nxc5 Kf7 45. Kxa3 Kf6 46. Kb4 Ke5 47. Nd7+ Ke4 48. Kc5 Kf3 49. Kc6 Ne6 50. Kd6 Nd8 51. Ke7 Nc6+ 52. Kd6 Nb4 53. Ne5+ Kxg3 54. Ke6 Kxh3 55. Kf5 Kg3 56. c5 Kf2 57. Ke4 g5 58. Nd3+ Nxd3 59. Kxd3 g4 60. c6 g3 61. c7 g2 62. c8=Q g1=Q 63. Qc5+ Kf1 64. Qxg1+ Kxg1 1/2-1/2


[Site "https://www.chess.com"]

[Event "Titled Tuesday Blitz May 23 Late 2023"]
[White "Pace, Christopher"]
[Black "Manukyan, Artyom"]
[WhiteFideId "2610167"]
[BlackFideId "13305786"]
[WhiteElo "2286"]
[BlackElo "2078"]
[Result "1/2-1/2"]
[Round "03"]
[TimeControl "180+2"]
[Date "2023.05.23"]
[WhiteClock "0:01:00"]
[BlackClock "0:01:27"]

1. e4 Nf6 2. Nc3 d5 3. e5 d4 4. exf6 dxc3 5. fxg7 cxd2+ 6. Qxd2 Qxd2+ 7. Bxd2 Bxg7 8. O-O-O O-O 9. Nf3 Nc6 10. Bb5 Bg4 11. Bxc6 bxc6 12. Rde1 Bxf3 13. gxf3 Bf6 14. Re4 Rfd8 15. Bf4 Rd7 16. c3 Rb8 1/2-1/2


[Site "https://www.chess.com"]

[Event "Titled Tuesday Blitz May 23 Late 2023"]
[White "Martinez, Ayelen"]
[Black "Bartel, Michal"]
[WhiteFideId "118702"]
[BlackFideId "1119257"]
[WhiteElo "2125"]
[BlackElo "2282"]
[Result "0-1"]
[Round "03"]
[TimeControl "180+2"]
[Date "2023.05.23"]
[WhiteClock "0:00:00"]
[BlackClock "0:01:27"]

1. e4 e5 2. Nf3 Nc6 3. Bb5 g6 4. O-O Bg7 5. c3 d6 6. d4 Bd7 7. Bc4 Nge7 8. d5 Nb8 9. b4 O-O 10. Bg5 h6 11. Bh4 g5 12. Bg3 f5 13. exf5 Bxf5 14. Nbd2 Nd7 15. Qe2 Nf6 16. Bb3 a5 17. a4 axb4 18. cxb4 Nexd5 19. Qb5 Be6 20. Qxb7 Rb8 21. Qc6 Rxb4 22. a5 Kh8 23. a6 e4 24. a7 Qa8 25. Qxa8 Rxa8 26. Ne1 Nd7 27. Ra5 Nc5 28. Bxd5 Bxd5 29. h4 Bc3 30. hxg5 hxg5 31. f4 Bxd2 32. fxg5 Kg7 33. Nc2 Rb2 34. Na3 Be3+ 35. Kh1 Rh8+ 36. Bh2 Bxg5 0-1


[Site "https://www.chess.com"]

[Event "Titled Tuesday Blitz May 23 Late 2023"]
[White "Wang, Alexander J"]
[Black "Toncheva, Nadya"]
[WhiteFideId "30955270"]
[BlackFideId "2924056"]
[WhiteElo "2276"]
[BlackElo "2101"]
[Result "1-0"]
[Round "03"]
[TimeControl "180+2"]
[Date "2023.05.23"]
[WhiteClock "0:00:06"]
[BlackClock "0:00:00"]

1. e4 c5 2. Nf3 Nc6 3. d4 cxd4 4. Nxd4 g6 5. Nc3 Bg7 6. Be3 Nf6 7. Bc4 O-O 8. Bb3 d6 9. f3 Bd7 10. Qd2 Rc8 11. O-O-O Na5 12. h4 h5 13. Kb1 Nc4 14. Bxc4 Rxc4 15. g4 b5 16. gxh5 Nxh5 17. b3 Rc8 18. Nd5 a5 19. Bh6 e6 20. Bxg7 Kxg7 21. Nf4 Nxf4 22. Qxf4 Qf6 23. Qxd6 Rfd8 24. h5 Bc6 25. Qc5 Bxe4 26. Qb6 Rb8 27. h6+ Kh7 28. Qc5 Rd5 29. Qa7 Rbd8 30. fxe4 Rxd4 31. Rxd4 Rxd4 32. e5 Qf4 33. Qe7 Rd2 34. Qf8 Qxe5 35. Qxf7+ Kh8 36. Qf8+ Kh7 37. Qf7+ Kh8 38. Qxg6 Rd7 39. Qe8+ Kh7 40. Qxd7+ Kg6 41. Qe8+ Kf5 42. h7 Qe4 43. Qf7+ Kg4 44. Rc1 1-0


[Site "https://www.chess.com"]

[Event "Titled Tuesday Blitz May 23 Late 2023"]
[White "lluiss"]
[Black "Tologon tegin, Semetei"]
[BlackFideId "13800574"]
[WhiteElo "2270"]
[BlackElo "2247"]
[Result "0-1"]
[Round "03"]
[TimeControl "180+2"]
[Date "2023.05.23"]
[WhiteClock "0:00:00"]
[BlackClock "0:00:09"]

1. Nf3 d5 2. d4 e6 3. c4 a6 4. cxd5 exd5 5. Nc3 c6 6. Bf4 Nf6 7. e3 Be6 8. Bd3 Bd6 9. Bxd6 Qxd6 10. h3 O-O 11. O-O Nbd7 12. Rb1 a5 13. a4 Rfe8 14. Qc2 Nf8 15. Ne5 N6d7 16. Nxd7 Bxd7 17. Ne2 Ng6 18. Bxg6 fxg6 19. Rbc1 Rf8 20. Qc5 Qf6 21. Qb6 Bc8 22. Qc7 g5 23. Qg3 Bf5 24. Rc3 Qg6 25. Re1 Rf7 26. Qe5 Raf8 27. Ng3 Bc8 28. Rf1 Qh6 29. f3 Qg6 30. Kh2 h5 31. Ne2 Qh6 32. f4 gxf4 33. Rxf4 Rxf4 34. Nxf4 h4 35. Rc1 g5 36. Ne2 Qf6 37. Qxf6 Rxf6 38. Kg1 Kf7 39. Rf1 Bf5 40. Nc3 Bd3 41. Rxf6+ Kxf6 42. Kf2 Be4 43. g3 Kf5 44. gxh4 gxh4 45. Nxe4 Kxe4 46. Ke2 b6 47. b3 c5 48. dxc5 bxc5 49. Kd2 Kf3 50. Kd3 Kg3 51. e4 dxe4+ 52. Kxe4 Kxh3 53. Kd5 Kg4 54. Kxc5 h3 55. b4 h2 56. bxa5 h1=Q 57. a6 Qa8 58. Kb6 Kf5 0-1


[Site "https://www.chess.com"]

[Event "Titled Tuesday Blitz May 23 Late 2023"]
[White "Fiorito, Francisco"]
[Black "Simonovic, Miroslav"]
[WhiteFideId "180165"]
[BlackFideId "919152"]
[WhiteElo "2341"]
[BlackElo "2042"]
[Result "1-0"]
[Round "03"]
[TimeControl "180+2"]
[Date "2023.05.23"]
[WhiteClock "0:02:09"]
[BlackClock "0:00:06"]

1. d4 Nf6 2. Nc3 c5 3. d5 b5 4. Bg5 b4 5. Bxf6 gxf6 6. Ne4 d6 7. e3 Nd7 8. Nf3 Bb7 9. Ng3 a6 10. e4 h5 11. Nf5 Ne5 12. Nxe5 fxe5 13. Bc4 Qd7 14. Qd3 e6 15. Ne3 Bh6 16. h4 Bxe3 17. fxe3 O-O 18. O-O-O Rfd8 19. Rdf1 exd5 20. exd5 Qg4 21. e4 Rf8 22. Rh3 Kh8 23. Qe3 Qg6 24. Rg3 Qh7 25. Rf6 Rg8 26. Rh6 Rxg3 27. Rxh7+ Kxh7 28. Qxg3 Rg8 29. Qf3 Rg7 30. Qf5+ Kg8 31. Be2 a5 32. Bxh5 Rxg2 33. Qxf7+ Kh8 34. Qxb7 Rg1+ 35. Kd2 Rg2+ 36. Ke3 Rg3+ 37. Kf2 Rh3 38. Qb8+ Kg7 39. Qxd6 Rh2+ 40. Kg3 Rxc2 41. Qg6+ Kh8 42. Qf6+ Kh7 43. Bg6+ Kg8 44. Qf7+ 1-0


[Site "https://www.chess.com"]

[Event "Titled Tuesday Blitz May 23 Late 2023"]
[White "Martic, Ivan"]
[Black "Chyngyz, Sultai"]
[WhiteFideId "929301"]
[BlackFideId "13803158"]
[WhiteElo "2360"]
[BlackElo "1408"]
[Result "0-1"]
[Round "03"]
[TimeControl "180+2"]
[Date "2023.05.23"]
[WhiteClock "0:01:10"]
[BlackClock "0:01:56"]

1. d4 Nf6 2. Bg5 Ne4 3. Bf4 g6 4. e3 Bg7 5. Nd2 Nxd2 6. Qxd2 O-O 7. Nf3 d6 8. c3 b6 9. Be2 Bb7 10. h3 Nd7 11. a4 a6 12. O-O Re8 13. Bh2 e5 14. c4 exd4 15. exd4 Nf6 16. Rfe1 Ne4 17. Qc2 Ng5 18. d5 Bc8 19. Nd2 Bf5 20. Qc1 Qf6 21. Ra2 Bxh3 22. f4 Qd4+ 23. Kh1 Ne4 24. Nxe4 Qxe4 25. Bf3 Qxe1+ 0-1


[Site "https://www.chess.com"]

[Event "Titled Tuesday Blitz May 23 Late 2023"]
[White "Djabri,Massinas"]
[Black "Osmak, Yuliia"]
[WhiteFideId "7905726"]
[BlackFideId "14101602"]
[WhiteElo "2194"]
[BlackElo "2303"]
[Result "1-0"]
[Round "03"]
[TimeControl "180+2"]
[Date "2023.05.23"]
[WhiteClock "0:00:10"]
[BlackClock "0:00:24"]

1. e4 c5 2. Nf3 Nf6 3. e5 Nd5 4. c4 Nb6 5. Nc3 Nc6 6. Ne4 d5 7. Nxc5 dxc4 8. d4 Bg4 9. Nxb7 Qd5 10. Be3 e6 11. Be2 Bb4+ 12. Kf1 O-O 13. h3 Bh5 14. Rc1 Rfc8 15. Nc5 Bxc5 16. dxc5 Nd7 17. Bxc4 Qxd1+ 18. Rxd1 Ndxe5 19. Be2 Bg6 20. Nxe5 Nxe5 21. b4 Rab8 22. b5 Bc2 23. Rd2 Ba4 24. Rb2 a6 25. b6 Bb5 26. Bxb5 axb5 27. Rxb5 Nc4 28. Ke2 Ra8 29. Rc1 Rxa2+ 30. Kf3 Ne5+ 31. Kg3 Nc6 32. b7 Rb8 33. Rb6 h5 34. Rxc6 Rxb7 35. Rc8+ Kh7 36. c6 Rb3 37. c7 f5 38. Rh8+ Kxh8 39. c8=Q+ Kh7 40. Qxe6 1-0


[Site "https://www.chess.com"]

[Event "Titled Tuesday Blitz May 23 Late 2023"]
[White "Richter, Paul"]
[Black "Sariego Figueredo, Wilfredo"]
[WhiteFideId "2046350"]
[BlackFideId "3500080"]
[WhiteElo "2526"]
[BlackElo "2309"]
[Result "1-0"]
[Round "03"]
[TimeControl "180+2"]
[Date "2023.05.23"]
[WhiteClock "0:00:21"]
[BlackClock "0:00:00"]

1. e4 c5 2. Nf3 a6 3. d3 b5 4. Nbd2 Bb7 5. g3 Nf6 6. Bg2 e6 7. O-O d5 8. e5 Nfd7 9. Re1 Be7 10. h4 Nc6 11. Nf1 h6 12. N1h2 g5 13. hxg5 hxg5 14. Ng4 Qc7 15. Qe2 O-O-O 16. Bxg5 Bxg5 17. Nxg5 Nd4 18. Qd2 Rdf8 19. c3 Nc6 20. d4 c4 21. f4 Rhg8 22. Qe3 Qb6 23. Kf2 b4 24. Rab1 a5 25. Rh1 Rg7 26. Nf6 Nxf6 27. exf6 Rg6 28. a3 Rxf6 29. Nh7 Rh8 30. Nxf6 Rxh1 31. Rxh1 bxc3 32. bxc3 Qb2+ 33. Kf3 Qxa3 34. g4 a4 35. g5 Qb3 36. Kg4 Kc7 37. Bxd5 exd5 38. Nxd5+ Kb8 39. Rh8+ 1-0


[Site "https://www.chess.com"]